Map: Ruins of Seras

Players

형님나가신다 - Winner!

  • Race: Terran Terran
  • League: Silver

Nero

  • Race: Protoss Protoss

VOD

Have the link to the VOD?

Description

Time

  • Played on: Jan. 30, 2016, 9:57 a.m.
  • Length: 7:47
Show
View Real Time Build Order
Export as new Build Order

형님나가신다 Terran - Winner!

Build Orders: 1/1/1 

Get SALT Encoding   

  12  0:01  SCV  
  13  0:18  SCV  
  13  0:19  Supply Depot  
  14  0:30  Refinery  
  14  0:31  SCV  
  15  0:45  Barracks  
  15  0:48  SCV  
  16  0:59  Supply Depot  
  16  1:07  Refinery  
  16  1:11  SCV  
  17  1:24  SCV  
  18  1:34  Marine  
  18  1:39  Factory  
  19  1:43  SCV  
  20  1:57  SCV  
  20  1:58  Marine  
  22  2:12  Orbital Command  
  22  2:22  Marine  
  22  2:27  Starport  
  23  2:32  Widow Mine  
  25  2:41  SCV  
  26  2:45  Supply Depot  
  26  2:49  Marine  
  27  2:57  SCV  
  28  3:06  Medivac  
  28  3:10  Engineering Bay  
  28  3:12  SCV  
  31  3:15  Barracks Tech Lab  
  31  3:18  Widow Mine  
  33  3:24  SCV  
  34  3:30  Supply Depot  
  34  3:36  Starport Reactor  
  34  3:52  Factory Tech Lab  
  34  4:03  Liberator x2  
  34  4:12  Siege Tank  
  37  4:22  Marine  
  37  4:24  Stimpack  
  44  4:40  SCV  
  45  4:47  Missile Turret  
  46  4:52  SCV  
  46  5:04  Supply Depot  
  46  5:11  Missile Turret  
  46  5:26  Marauder, Siege Tank  
  51  5:34  Liberator  
  54  6:12  Marine  
  55  6:44  Supply Depot  
  55  7:05  Marauder, Siege Tank  
Show
View Real Time Build Order
Export as new Build Order

Nero Protoss 

Build Orders: 1 Gate Expand 

Get SALT Encoding   

  12  0:01  Probe (Chrono Boost)  
  13  0:13  Probe (Chrono Boost)  
  14  0:22  Pylon  
  14  0:26  Probe (Chrono Boost)  
  15  0:40  Probe (Chrono Boost)  
  15  0:42  Gateway  
  16  0:46  Assimilator  
  16  0:56  Probe (Chrono Boost)  
  17  1:16  Nexus  
  17  1:19  Probe (Chrono Boost)  
  18  1:32  Cybernetics Core  
  18  1:34  Probe (Chrono Boost)  
  19  1:52  Pylon  
  20  1:54  Probe (Chrono Boost)  
  20  2:13  Pylon  
  20  2:17  Adept  
  20  2:22  Gateway  
  22  2:27  Twilight Council  
  22  2:30  Probe (Chrono Boost)  
  22  2:32  Assimilator  
  23  2:40  Probe (Chrono Boost)  
  24  2:44  Adept  
  26  3:02  Mothership Core (Chrono Boost)  
  28  3:08  Probe (Chrono Boost)  
  29  3:13  Adept  
  29  3:15  Adept  
  29  3:19  Probe (Chrono Boost)  
  34  3:20  Probe (Chrono Boost)  
  35  3:30  Probe (Chrono Boost), Resonating Glaives  
  36  3:34  Probe (Chrono Boost)  
  36  3:40  Adept  
  36  3:41  Probe (Chrono Boost)  
  40  3:42  Adept  
  42  3:59  Probe x2 (Chrono Boost)  
  44  4:09  Probe (Chrono Boost)  
  43  4:10  Probe (Chrono Boost)  
  43  4:24  Nexus  
  43  4:32  Probe x2 (Chrono Boost)  
  43  4:33  Adept x2  
  43  4:36  Warp Gate  
  49  4:43  Probe (Chrono Boost)  
  48  4:55  Assimilator  
  48  4:59  Assimilator  
  40  6:11  Stalker x2  
  41  6:12  Probe (Chrono Boost)  
  39  6:23  Probe (Chrono Boost)  
  39  6:36  Forge  
  37  6:40  Stalker  
  37  6:41  Stalker  
  37  7:06  Probe (Chrono Boost)  
Tags
 
League
Silver
Matchup
PvT
Replay Pack
rep
Add a new tag
Caveats
  • Supply blocks, unpowered buildings, or Contaminate may cause inaccurate times.
  • Supply counts are checked every 10 seconds.